 Dungeon Crawl Stone Soup version 0.19.3-4-gbf9329e (webtiles) character file.

5313 Jerry the Thaumaturge (level 10, -16/50 HPs)
             Began as a Deep Elf Fire Elementalist on Jan 29, 2017.
             Was a Believer of Vehumet.
             Demolished by fatfloppyjuicyveiny's ghost (38 damage)
             ... on level 9 of the Dungeon.
             The game lasted 00:51:25 (12210 turns).

Jerry the Thaumaturge (Deep Elf Fire Elementalist) Turns: 12210, Time: 00:51:25

Health: -16/50     AC:  6    Str:  5    XL:     10   Next: 37%
Magic:  29/42      EV: 13    Int: 24    God:    Vehumet [**....]
Gold:   312        SH:  0    Dex: 15    Spells: 8 memorised, 12 levels left

rFire  + . .     SeeInvis .     q - staff of power
rCold  . . .     Gourm    .     a - +0 robe
rNeg   . . .     Faith    .     (no shield)
rPois  .         Spirit   .     s - +2 helmet
rElec  .         Reflect  .     (no cloak)
rCorr  .         Harm     .     v - +0 pair of gloves
MR     +....     Rnd*Tele +     (no boots)
Stlth  ++........               (no amulet)
                                (no ring)
                                i - ring of protection from fire

@: no status effects
A: sense surroundings 1, teleportitis 1
a: Renounce Religion


You were on level 9 of the Dungeon.
You worshipped Vehumet.
Vehumet was pleased with you.
You were not hungry.

You visited 2 branches of the dungeon, and saw 10 of its levels.

You collected 312 gold pieces.

Inventory:

Hand Weapons
 D - a +2 long sword
Armour
 a - a +0 robe (worn)
 s - a +2 helmet (worn)
 v - a +0 pair of gloves (worn)
Magical Staves
 q - an uncursed staff of power (weapon)
 w - an uncursed staff of earth
Rods
 I - a -1 rod of clouds (11/11)
   (You found it on level 8 of the Dungeon)
Jewellery
 i - a ring of protection from fire (left hand)
Wands
 d - a wand of paralysis (7/24)
 l - a wand of digging (5/24)
 t - a wand of confusion (22/48)
 A - a wand of polymorph (11/24)
 B - a wand of iceblast (5/15)
 H - a wand of teleportation (4/9)
Scrolls
 e - a scroll of amnesia
 p - 4 scrolls of remove curse
 r - 2 scrolls of identify
 y - 2 scrolls of teleportation {unknown}
 K - a scroll of recharging {unknown}
 M - a scroll of summoning {unknown}
 O - a scroll of enchant armour
 P - a scroll of enchant weapon
Potions
 f - 2 potions of ambrosia
 h - 3 potions of curing
 m - 2 potions of resistance
 n - 3 potions of heal wounds
 o - 2 potions of cancellation
 u - a potion of agility
 C - a potion of might {unknown}
 E - a potion of berserk rage {unknown}
 F - 2 potions of mutation {unknown}
 G - 2 potions of lignification {unknown}
 J - a potion of haste {unknown}
Books
 b - a book of Flames

   Spells                             Type                      Level
   a - Flame Tongue                   Conjuration/Fire             1
   b - Throw Flame                    Conjuration/Fire             2
   c - Conjure Flame                  Conjuration/Fire             3
   d - Inner Flame                    Hexes/Fire                   3
   e - Sticky Flame                   Conjuration/Fire             4
   f - Fireball                       Conjuration/Fire             5
 g - a book of Misfortune

   Spells                             Type                      Level
   a - Confusing Touch                Hexes                        1
   b - Confuse                        Hexes                        3
   c - Gell's Gravitas                Hexes/Translocation          3
   d - Petrify                        Transmutation/Earth          4
   e - Metabolic Englaciation         Hexes/Ice                    5
   f - Yara's Violent Unravelling     Hexes/Transmutation          5
 k - a Young Poisoner's Handbook

   Spells                             Type                      Level
   a - Sting                          Conjuration/Poison           1
   b - Mephitic Cloud                 Conjuration/Poison/Air       3
   c - Olgreb's Toxic Radiance        Poison                       4
   d - Alistair's Intoxication        Transmutation/Poison         5
   e - Venom Bolt                     Conjuration/Poison           5
 N - a book of Clouds

   Spells                             Type                      Level
   a - Mephitic Cloud                 Conjuration/Poison/Air       3
   b - Conjure Flame                  Conjuration/Fire             3
   c - Poisonous Cloud                Conjuration/Poison/Air       6
   d - Freezing Cloud                 Conjuration/Ice/Air          6
   e - Ring of Flames                 Charms/Fire                  7
Comestibles
 c - 10 bread rations
 j - 7 meat rations
 x - a royal jelly
 z - 8 beef jerkies
 L - 5 chunks of flesh


   Skills:
 - Level 2.4 Dodging
 - Level 2.4 Stealth
 + Level 11.7 Spellcasting
 + Level 9.8 Conjurations
 + Level 10.4 Fire Magic


You had 12 spell levels left.
You knew the following spells:

 Your Spells              Type           Power        Failure   Level  Hunger
a - Flame Tongue          Conj/Fire      #####        1%          1    None
b - Throw Flame           Conj/Fire      ######       1%          2    None
c - Conjure Flame         Conj/Fire      ######..     1%          3    None
d - Sticky Flame          Conj/Fire      ######..     1%          4    None
e - Fireball              Conj/Fire      ######....   1%          5    ###....
f - Sandblast             Erth           ##....       6%          1    None
g - Mephitic Cloud        Conj/Pois/Air  ####....     3%          3    None
h - Magic Dart            Conj           ####         1%          1    None


Dungeon Overview and Level Annotations

Branches:
Dungeon (9/15)             Temple (1/1) D:6
   Lair: D:8-11         Orc: D:9-12

Altars:
Cheibriados
Dithmenos
Elyvilon
Fedhas
Gozag
Hepliaklqana
Kikubaaqudgha
Makhleb
Nemelex Xobeh
Okawaru
Qazlal
Ru
Sif Muna
Uskayaw
Vehumet
Yredelemnul

Annotations:
D:9 fatfloppyjuicyveiny's ghost, novice OgBe


Innate Abilities, Weirdness & Mutations

You passively map a small area around you.
You are occasionally teleported next to monsters.


Message History

Fatfloppyjuicyveiny's ghost turns its malevolent gaze towards you.
Casting: Fireball
Confirm with . or Enter, or press ? or * to list all spells.
Aiming: Sticky Flame
Press: ? - help, Shift-Dir - straight line, f/p - fatfloppyjuicyveiny's ghost
Aim: fatfloppyjuicyveiny's ghost (moderately damaged)
The sticky flame hits fatfloppyjuicyveiny's ghost.
Fatfloppyjuicyveiny's ghost is heavily damaged.
Fatfloppyjuicyveiny's ghost hits you!!
Ouch! That really hurt!
Casting: Sticky Flame
Confirm with . or Enter, or press ? or * to list all spells.
Aiming: Sticky Flame
Press: ? - help, Shift-Dir - straight line, f/p - fatfloppyjuicyveiny's ghost
Aim: fatfloppyjuicyveiny's ghost (heavily damaged)
The sticky flame hits fatfloppyjuicyveiny's ghost.
Fatfloppyjuicyveiny's ghost is heavily damaged.
Fatfloppyjuicyveiny's ghost hits you!!!
Ouch! That really hurt!
You die...

#######.# #..#
#....... #.....#.#
#..######...####
#.....#.#
#..#.......÷....
#.......#
#...............
#.....###
###.##............
#.....#
#..<#####.#)).#.##
####### * #.###
#.#.)÷.... * ,
*#.# # #...#.## ,
#@# #,#.).#(# #W#
#.#...#.# * *, ,
..# #.......# , *
##### ####.#### ,
*##.######....# *
, *#.........#..#
##.##.###...## **
#.#)......##
#.#..####.#######


You could see fatfloppyjuicyveiny's ghost.

Vanquished Creatures
  Pikel (D:5)
  Psyche (D:8)
  Prince Ribbit (D:6)
  Sigmund (D:5)
  Menkaure (D:7)
  Edmund (D:5)
  3 ice beasts
  An orc warrior (D:6)
  A sky beast (D:8)
  A black bear (D:7)
  2 phantoms
  6 ogres
  6 centaurs
  3 bullfrogs
  Blork the orc (D:6)
  A scorpion (D:4)
  3 water moccasin skeletons
  8 wights
  4 howler monkeys
  2 crimson imps (D:7)
  A centaur zombie (D:7)
  3 bullfrog zombies
  3 hounds
  2 jellies (D:6)
  2 gnoll shamans
  2 orc priests (D:4)
  2 orc wizards
  A centaur skeleton (D:6)
  5 iguanas
  9 worker ants
  Terence (D:3)
  A killer bee zombie (D:8)
  A hound zombie (D:5)
  Robin (D:2)
  2 hound skeletons
  2 worker ant zombies
  9 gnolls
  A howler monkey zombie (D:9)
  14 adders
  4 shadow imps
  2 oozes
  An adder skeleton (D:7)
  4 worms
  4 dart slugs
  5 leopard geckos
  15 orcs
  2 giant cockroaches
  21 goblins
  8 hobgoblins
  8 jackals
  8 quokkas
  3 ball pythons
  9 bats
  10 frilled lizards
  9 kobolds
  A leopard gecko skeleton (D:7)
  A quokka skeleton (D:5)
  A quokka zombie (D:7)
  8 rats
  A plant (D:1)
235 creatures vanquished.

Vanquished Creatures (others)
  An orc (D:5)
1 creature vanquished.

Grand Total: 236 creatures vanquished

Notes
Turn   | Place    | Note
-------+----------+-------------------------------------------
     0 | D:1      | Jerry the Deep Elf Fire Elementalist began the quest for the Orb.
     0 | D:1      | Reached XP level 1. HP: 10/10 MP: 6/6
   281 | D:1      | Reached XP level 2. HP: 15/15 MP: 6/8
   285 | D:1      | Learned a level 2 spell: Throw Flame
  1094 | D:1      | You fall through a shaft!
  1094 | D:2      | Found a faded altar of an unknown god.
  1095 | D:2      | Reached XP level 3. HP: 19/19 MP: 7/10
  1100 | D:2      | Learned a level 3 spell: Conjure Flame
  1219 | D:2      | Reached skill level 4 in Spellcasting
  1604 | D:2      | Reached XP level 4. HP: 24/24 MP: 9/12
  2301 | D:2      | Noticed Robin
  2311 | D:2      | Killed Robin
  2634 | D:2      | Reached XP level 5. HP: 28/28 MP: 0/14
  2735 | D:2      | Learned a level 4 spell: Sticky Flame
  3615 | D:3      | Noticed Terence
  3621 | D:3      | Killed Terence
  3621 | D:3      | Reached skill level 5 in Spellcasting
  3997 | D:3      | Noticed an ogre
  4008 | D:3      | Killed an ogre
  4008 | D:3      | Reached skill level 5 in Fire Magic
  4008 | D:3      | Reached XP level 6. HP: 32/32 MP: 11/16
  4831 | D:4      | Reached skill level 6 in Spellcasting
  5277 | D:4      | Reached XP level 7. HP: 36/36 MP: 9/18
  5526 | D:5      | Entered Level 5 of the Dungeon
  5645 | D:5      | Learned a level 5 spell: Fireball
  5763 | D:5      | Noticed Sigmund
  5770 | D:5      | Killed Sigmund
  5770 | D:5      | Reached skill level 5 in Conjurations
  5878 | D:5      | Reached skill level 7 in Spellcasting
  5902 | D:5      | Noticed Edmund
  5912 | D:5      | Killed Edmund
  6065 | D:5      | Noticed Pikel
  6083 | D:5      | Killed Pikel
  6083 | D:5      | Reached skill level 8 in Spellcasting
  6083 | D:5      | Reached XP level 8. HP: 32/41 MP: 5/22
  6255 | D:5      | Found a hazy altar of Hepliaklqana.
  7102 | D:6      | Reached skill level 9 in Spellcasting
  7493 | D:6      | Found a staircase to the Ecumenical Temple.
  7601 | Temple   | Entered the Ecumenical Temple
  7681 | Temple   | Became a worshipper of Vehumet
  7692 | D:6      | Noticed Blork the orc
  7695 | D:6      | Killed Blork the orc
  7775 | D:6      | Reached XP level 9. HP: 45/45 MP: 16/24
  7962 | D:6      | Noticed Prince Ribbit
  7971 | D:6      | Killed Prince Ribbit
  8708 | D:7      | Noticed Menkaure
  8710 | D:7      | Killed Menkaure
  8710 | D:7      | Reached skill level 10 in Spellcasting
  9238 | D:7      | Found a sacrificial altar of Ru.
  9464 | D:7      | Reached * piety under Vehumet
  9464 | D:7      | Offered knowledge of Sandblast by Vehumet.
  9941 | D:7      | Learned a level 1 spell: Sandblast
 10107 | D:7      | Gained mutation: You passively map a small area around you. [mutagenic meat]
 10108 | D:7      | Gained mutation: You are occasionally teleported next to monsters. [mutagenic meat]
 10560 | D:8      | Reached skill level 11 in Spellcasting
 10570 | D:8      | Learned a level 3 spell: Mephitic Cloud
 10701 | D:8      | Offered knowledge of Magic Dart by Vehumet.
 10704 | D:8      | Learned a level 1 spell: Magic Dart
 10718 | D:8      | Reached ** piety under Vehumet
 10752 | D:8      | Reached XP level 10. HP: 48/50 MP: 24/27
 10814 | D:8      | Found a deep blue altar of Sif Muna.
 11164 | D:8      | Noticed Psyche
 11168 | D:8      | Killed Psyche
 11179 | D:8      | Reached skill level 10 in Fire Magic
 11359 | D:8      | Identified a -1 rod of clouds (11/11) (You found it on level 8 of the Dungeon)
 12208 | D:9      | Noticed fatfloppyjuicyveiny's ghost (novice OgBe)
 12210 | D:9      | Demolished by fatfloppyjuicyveiny's ghost

Skill      XL: |  1  2  3  4  5  6  7  8  9 10 |
---------------+-------------------------------+-----
Conjurations   | 2 3 4 6 7 9 |  9.8
Spellcasting   | 4 5 6 8 9 11 | 11.7
Fire Magic     | 4 5 7 8 9 10 | 10.4
Dodging        | |  2.4
Stealth        | |  2.4

Action                   |  1- 3 |  4- 6 |  7- 9 | 10-12 || total
-------------------------+-------+-------+-------+-------++-------
Melee: Club              |     3 |     2 |       |       ||     5
       Falchion          |       |   101 |       |       ||   101
       Long sword        |       |       |   180 |       ||   180
       Staff             |       |       |       |     4 ||     4
 Cast: Flame Tongue      |    33 |    83 |   158 |    11 ||   285
       Throw Flame       |    24 |    64 |    74 |    37 ||   199
       Sticky Flame      |       |     9 |    24 |     9 ||    42
       Conjure Flame     |       |     1 |       |       ||     1
       Sandblast         |       |       |     4 |       ||     4
       Fireball          |       |       |       |    10 ||    10
Evoke: Wand              |       |       |     1 |       ||     1
  Use: Scroll            |       |       |    16 |       ||    16
 Stab: Sleeping          |       |     1 |     2 |       ||     3
  Eat: Chunk             |     3 |    13 |    18 |     5 ||    39
       Beef jerky        |       |       |     1 |       ||     1
       Pizza             |       |       |       |     1 ||     1
Armor: Robe              |     2 |    11 |    90 |     2 ||   105
Dodge: Dodged            |     8 |    40 |   188 |    15 ||   251
       Rpst.: Falchion   |       |     9 |     7 |       ||    16
       Long sword        |       |       |    60 |       ||    60
